 Dungeon Crawl Stone Soup version 0.28-a0-8-g6e044cfa68 (webtiles) character file.

Game seed: 11027711066361888349

361 tilp the Scratcher (level 6, -6/25 (26) HPs)
             Began as a Felid Hedge Wizard on July 23, 2021.
             Was an Initiate of Vehumet.
             Mangled by a wight (15 damage)
             ... on level 5 of the Dungeon.
             The game lasted 00:08:55 (7919 turns).

tilp the Scratcher (Felid Hedge Wizard)             Turns: 7919, Time: 00:08:56

HP:   -6/25 (26)    AC:  2    Str: 12    XL:     6   Next: 38%
MP:   6/11          EV: 18    Int: 18    God:    Vehumet [......]
Gold: 176           SH:  0    Dex: 15    Spells: 6/11 levels left
                                        Lives: 0   Deaths: 1

rFire   . . .      SeeInvis +     - Unarmed
rCold   . . .      Faith    .   (shield unavailable)
rNeg    . . .      Spirit   .   (armour unavailable)
rPois   .          Reflect  .   (helmet unavailable)
rElec   .          Harm     .   (cloak unavailable)
rCorr   .          Rampage  .   (gloves unavailable)
Will    .....                   (boots unavailable)
Stlth   +++.......              (no amulet)
HPRegen 0.08/turn               d - +6 ring of strength
MPRegen 0.12/turn               (no ring)

@: studying Translocations, lightly drained, quick
A: very small, claws 1, fangs 3, see invisible, speed 1, shaggy fur 2, stealthy
paws, no weapons or thrown items, no armour, multi-lived
a: Renounce Religion


You were on level 5 of the Dungeon.
You worshipped Vehumet.
Vehumet was noncommittal.
You visited 1 branch of the dungeon, and saw 5 of its levels.

You collected 176 gold pieces.

Inventory:

Jewellery
 d - a +6 ring of strength (left paw)
 i - the ring "Liequpso" {Fire Drain +Blink Dex+8}
   (You found it on level 4 of the Dungeon)

   [ring of fire]

   It enhances your fire magic.
   Dex:       It affects your dexterity (+8).
   rF:        It protects you from fire.
   rC:        It makes you vulnerable to cold.
   +Blink:    It lets you blink.
   Drain:     It drains your maximum health when unequipped.
Wands
 j - a wand of flame (21)
Scrolls
 g - 2 scrolls of teleportation
 k - 3 scrolls of identify
Potions
 a - a potion of attraction
 b - 2 potions of heal wounds
 c - 4 potions of curing
 e - 2 potions of berserk rage
 f - a potion of magic
 h - a potion of degeneration {unknown}


   Skills:
 - Level 2.0 Fighting
 - Level 4.0 Dodging
 - Level 4.0 Stealth
 - Level 4.0 Unarmed Combat
 - Level 3.0 Spellcasting
 + Level 3.7 Conjurations
 - Level 1.0 Summonings
 - Level 1.5 Translocations


You had 6 spell levels left.
You knew the following spells:

 Your Spells              Type           Power      Damage    Failure   Level
a - Magic Dart            Conj           64%        1d6       3%          1
b - Call Imp              Summ           6%         N/A       16%         2
c - Blink                 Tloc           N/A        N/A       13%         2

Your spell library contained the following spells:

 Spells                   Type           Power      Damage    Failure   Level
 Conjure Flame            Conj/Fire      9%         6-21      22%         3
 Slow                     Hex            2%         N/A       24%         2
 Mephitic Cloud           Conj/Pois/Air  7%         N/A       30%         3
 Inner Flame              Hex/Fire       2%         N/A       43%         3
 Cause Fear               Hex            1%         N/A       85%         4
 Conjure Ball Lightning   Conj/Air       4%         3x3d6     100%        6
 Discord                  Hex            1%         N/A       100%        8
 Disjunction              Tloc           4%         N/A       100%        8


Dungeon Overview and Level Annotations

Branches:
Dungeon (5/15)
 Temple: D:4-7

Altars:
Hepliaklqana
Vehumet

Shops:
D:1 (

Annotations:
D:2 Sigmund
D:4 exclusions: adder, hornet, iguana, necrophage, orc warrior and scorpion
D:5 exclusion: water moccasin, Dowan, Duvessa, Edmund


Innate Abilities, Weirdness & Mutations

You have sharp claws.
You have razor-sharp teeth.
You have supernaturally acute eyesight. (SInv)
You cover ground quickly. (Speed+)
You are covered in thick fur. (AC +2)
Your paws help you pounce on unaware monsters.
You are incapable of wielding weapons or throwing items.
You cannot wear armour.
You gain extra lives every three experience levels.


Message History

Dowan, Brother of Duvessa comes into view.
He is wielding a +0 dagger.
Found 10 gold pieces.
Press: ? - help, v - describe, . - travel
Here: Dowan, wielding a +0 dagger and wearing a +0 robe (asleep)
The floor.
Placed new exclusion.
A wight is nearby!
Unknown command.
Casting: Call Imp (safe; 16% risk of failure)
Confirm with . or Enter, or press ? or * to list all spells.
A beastly little devil appears in a puff of flame.
Casting: Call Imp (safe; 16% risk of failure)
Confirm with . or Enter, or press ? or * to list all spells.
A beastly little devil appears in a puff of frigid air.
Casting: Call Imp (safe; 16% risk of failure)
Confirm with . or Enter, or press ? or * to list all spells.
A metallic apparition takes form in the air.
The wight closely misses your white imp.
Your white imp hits the wight but does no damage.
Your crimson imp hits the wight.
The wight barely misses your white imp.
Your white imp hits the wight but does no damage.
Your crimson imp hits the wight but does no damage.
The wight hits your white imp with a +0 great sword!
Your white imp dies!
Your crimson imp hits the wight but does no damage.
Your iron imp barely misses the wight.
You closely miss the wight.
The wight is lightly damaged.
Your crimson imp hits the wight.
The wight hits you with a +0 great sword!
Ouch! That really hurt!
You feel drained.
* * * LOW HITPOINT WARNING * * *
You barely miss the wight.
The wight is moderately damaged.
Your crimson imp blinks!
Your iron imp barely misses the wight.
The wight hits you with a +0 great sword!
Ouch! That really hurt!
You die...

##....#..#.........
##...#...<........
##(....##........
###.##.........#..
#...####.#..#..#.#
.......######....#
#.§#....# ##....#
#z5....#####......
###@.#.....)....##..
###....###.......####.
#.......##........###.
###.#..##..##.........
####.#.##....†.........
#...........#..........
#......##...##.........
##......#....#..###....
#..........>..####....


You could see a wight (ally target) and a friendly iron imp (summoned).

Vanquished Creatures
  A phantom (D:4)
  2 water moccasin zombies
  A wight (D:5)
  A centaur zombie (D:5)
  An iguana (D:5)
  3 adders
  A shadow imp (D:5)
  2 worms
  3 dart slugs (D:1)
  3 orcs (D:4)
  8 ball pythons
  7 endoplasms
  2 giant cockroaches
  4 goblins
  8 hobgoblins
  2 jackals (D:4)
  9 kobolds
  6 quokkas
  6 bats
  2 rats
72 creatures vanquished.

Vanquished Creatures (collateral kills)
  A wight (D:5)
  A hound (D:5)
  3 iguanas
  A hound skeleton (D:4)
  2 adders
  An orc (D:4)
9 creatures vanquished.

Grand Total: 81 creatures vanquished

Notes
Turn   | Place    | Note
-------+----------+-------------------------------------------
     0 | D:1      | tilp the Felid Hedge Wizard began the quest for the Orb.
     0 | D:1      | Reached XP level 1. HP: 7/7 MP: 5/5
    62 | D:1      | Found a faded altar of an unknown god.
   284 | D:1      | Found Apresev's Weapon Boutique.
   291 | D:1      | Reached skill level 1 in Unarmed Combat
   459 | D:1      | Reached XP level 2. HP: 12/12 MP: 4/7
   792 | D:1      | Reached skill level 1 in Fighting
   870 | D:1      | Learned a level 2 spell: Call Imp
   873 | D:1      | Learned a level 2 spell: Blink
  1584 | D:1      | Reached XP level 3. HP: 15/15 MP: 4/8
  2369 | D:2      | Noticed Sigmund
  3476 | D:3      | Reached XP level 4. HP: 16/19 MP: 1/9
  3677 | D:3      | Found a radiant altar of Vehumet.
  3922 | D:3      | Became a worshipper of Vehumet
  4212 | D:4      | Noticed a scorpion
  4390 | D:4      | Noticed a hornet
  4501 | D:4      | Reached XP level 5. HP: 20/22 MP: 5/10
  4588 | D:4      | Identified the ring "Liequpso" {Fire Drain +Blink Dex+8}
  4909 | D:4      | Noticed a necrophage
  5005 | D:4      | Slain by an iguana
  5006 | D:4      | Reached XP level 4. HP: -1/19 MP: 4/9
  5810 | D:4      | Noticed an orc warrior
  5873 | D:5      | Entered Level 5 of the Dungeon
  6234 | D:5      | Reached skill level 1 in Conjurations
  6234 | D:5      | Reached XP level 5. HP: 5/22 MP: 4/10
  6581 | D:5      | Noticed a water moccasin
  6975 | D:5      | Gained mutation: You are covered in thick fur. (AC +2)
                  | [Felid growth]
  6975 | D:5      | Reached XP level 6. HP: 8/26 MP: 4/11
  7345 | D:5      | Noticed Duvessa
  7753 | D:5      | Found a hazy altar of Hepliaklqana.
  7891 | D:5      | Noticed Edmund
  7896 | D:5      | Noticed Dowan
  7919 | D:5      | Mangled by a wight

Illustrated notes

Levels and vault maps discovered:
D:1:      psy_arrival_radial02, layout_loops_ring, basic_ecumenical_altar,
          serial_shops, nicolae_shop_trees, minmay_pentomino_p4
D:2:      layout_loops_ring, uniq_sigmund
D:3:      layout_loops_ring, lemuel_doored_altar,
          chequers_serial_rivers_micro_a, minmay_misc_feat_diagonals,
          skrybe_limestone_x
D:4:      layout_loops_ring, minmay_manual_maat
D:5:      layout_cave_pools, kennysheep_mini_moat, uniq_duvessa, uniq_edmund

Skill      XL: |  1  2  3  4  5 |
---------------+----------------+-----
Unarmed Combat | 1 2 3 4 |  4.0
Fighting       | 1 2 |  2.0
Stealth        | 4 3 |  4.0
Dodging        | 4 3 |  4.0
Conjurations   | 1 3 |  3.7
Spellcasting   | |  3.0
Summonings     | |  1.0
Translocations | |  1.5

Action                   |  1- 3 |  4- 6 || total
-------------------------+-------+-------++-------
Melee: Unarmed           |    71 |   110 ||   181
       Bite              |     5 |     3 ||     8
       Punch             |     1 |     1 ||     2
 Cast: Magic Dart        |    74 |    14 ||    88
       Call Imp          |    10 |    43 ||    53
  Use: Scroll            |     6 |     4 ||    10
 Stab: Sleeping          |     1 |     6 ||     7
       Distracted        |       |     1 ||     1
Armor: Skin              |     1 |     7 ||     8
Dodge: Dodged            |    32 |    83 ||   115

Table legend: (Time is in decaauts)
 A = Elapsed time spent in this place.
 B = Non-inter-level travel time spent in this place.
 C = Inter-level travel time spent in this place.
 D = Time resting spent in this place.
 E = Time spent auto-exploring this place.
 F = Levels seen in this place.
 G = Mean time per level.
                   A        B        C        D        E       F      G
               +--------+--------+--------+--------+--------+-----+--------+
         Total |   7232 |   7041 |    191 |   2807 |   3508 |   5 | 1446.4 |
       Dungeon |   7232 |   7041 |    191 |   2807 |   3508 |   5 | 1446.4 |
               +--------+--------+--------+--------+--------+-----+--------+

Top non-repeatable levels by time:
     D:4: 2144 daAuts
     D:1: 1958 daAuts
     D:5: 1266 daAuts
     D:2: 1127 daAuts
     D:3: 736 daAuts
